 Dungeon Crawl Stone Soup version 0.21-a0-442-g848f44b (webtiles) character file.

16781 rgaf the Archer (level 12, 0/108 HPs)
             Began as a Centaur Gladiator on Nov 12, 2017.
             Was a High Priest of Okawaru.
             Slain by a thrashing horror (9 damage)
             ... on level 1 of the Abyss.
             The game lasted 00:21:45 (16503 turns).

rgaf the Archer (Centaur Gladiator)                Turns: 16503, Time: 00:21:46

Health: 0/108      AC: 25    Str: 12    XL:     12   Next: 13%
Magic:  12/12      EV:  0    Int: 11    God:    Okawaru [*****.]
Gold:   752        SH:  5    Dex: 13    Spells: 11/11 levels left

rFire    . . .     SeeInvis .   b - +0 shortbow
rCold    . . .     Gourm    .   (shield currently unavailable)
rNeg     . . .     Faith    .   S - +3 plate armour
rPois    .         Spirit   .   n - +1 hat
rElec    .         Reflect  +   z - +2 cloak
rCorr    +         Harm     .   t - +0 pair of gloves
MR       .....                  W - +0 centaur barding {Fly}
Stlth    ..........             s - +5 amulet of reflection
HPRegen  0.28/turn              D - ring of wizardry
MPRegen  0.13/turn              y - ring of resist corrosion

@: flying, very quick
A: hooves 3, deformed body, speed 2, tough skin 3, [weak 2], [subdued magic 2]
a: Heroism, Finesse, Renounce Religion, Stop Flying


You were on level 1 of the Abyss.
You worshipped Okawaru.
Okawaru was extremely pleased with you.
You were not hungry.

You visited 3 branches of the dungeon, and saw 13 of its levels.
You visited the Abyss 1 time.

You collected 752 gold pieces.

Inventory:

Hand Weapons
 a - a +3 glaive of chopping
 b - a +0 shortbow (weapon)
 C - the +8 lajatang "Daut" {antimagic, rElec rF+ Str-2}
   (You took it off an orc on level 11 of the Dungeon)

   It reduces the magical energy of the wielder, and disrupts the spells and
   magical abilities of those hit.
   Natural abilities and divine invocations are not affected.
   It affects your strength (-2).
   It protects you from fire.
   It insulates you from electricity.
 R - a +1 war axe of flaming
Missiles
 d - 7 throwing nets
 l - 187 arrows (quivered)
Armour
 n - a +1 hat (worn)
 t - a +0 pair of gloves (worn)
 u - a +0 chain mail
 z - a +2 cloak (worn)
 S - a +3 plate armour (worn)
 W - a +0 centaur barding of flying (worn)
Jewellery
 o - an uncursed ring of flight
 s - a +5 amulet of reflection (around neck)
 y - a ring of resist corrosion (right hand)
 D - a ring of wizardry (left hand)
 G - a +2 ring of evasion {unknown}
 H - an uncursed amulet of rage {unknown}
Wands
 v - a wand of flame (0/48)
 E - a wand of paralysis (11/24)
 J - a wand of iceblast (6/15)
 Q - a wand of confusion (29/48)
 V - a wand of clouds (0/9)
Scrolls
 c - a scroll of silence {unknown}
 h - 4 scrolls of teleportation
 i - a scroll of fear {unknown}
 j - 4 scrolls of identify
 m - 3 scrolls of magic mapping {unknown}
 q - 4 scrolls of amnesia {unknown}
 x - a scroll of enchant weapon {unknown}
 B - 4 scrolls of recharging {unknown}
 F - a scroll of blinking {unknown}
 K - 2 scrolls of remove curse {unknown}
 M - 2 scrolls of enchant armour {unknown}
 U - a scroll of noise {unknown}
 Y - a scroll of immolation {unknown}
Potions
 e - 3 potions of curing
 k - 2 potions of agility {unknown}
 r - 2 potions of invisibility
 A - 2 potions of flight {unknown}
 I - 4 potions of haste
 L - a potion of brilliance {unknown}
 N - a potion of mutation {unknown}
 O - 2 potions of might
 Z - a potion of ambrosia {unknown}
Books
 w - a book of Clouds

   Spells                             Type                      Level
   a - Poisonous Vapours              Poison/Air                   2
   b - Mephitic Cloud                 Conjuration/Poison/Air       3
   c - Conjure Flame                  Conjuration/Fire             3
   d - Freezing Cloud                 Conjuration/Ice/Air          6
   e - Ring of Flames                 Charms/Fire                  7
 X - a book of Battle

   Spells                             Type                      Level
   a - Infusion                       Charms                       1
   b - Shroud of Golubria             Charms/Translocation         2
   c - Song of Slaying                Charms                       2
   d - Spectral Weapon                Hexes/Charms                 3
   e - Regeneration                   Charms/Necromancy            3
Comestibles
 f - 9 bread rations
 g - 4 royal jellies
 p - 7 meat rations
 T - 15 fruits


   Skills:
 + Level 10.8 Fighting
 - Level 9.6 Axes
 * Level 11.2 Bows
 - Level 2.1 Throwing
 + Level 7.8 Armour
 - Level 3.1 Dodging


You had 11 spell levels left.
You didn't know any spells.

Dungeon Overview and Level Annotations

Branches:
Dungeon (11/15)            Temple (1/1) D:5            Lair (1/6) D:10
    Orc: D:9-12

Altars:
Ashenzari
Cheibriados
Dithmenos
Elyvilon
Fedhas
Gozag
Hepliaklqana
Kikubaaqudgha
Makhleb
Nemelex Xobeh
Okawaru
Qazlal
Ru
Sif Muna
Trog
Uskayaw
Vehumet
Wu Jian
Xom
Yredelemnul
Zin
The Shining One

Annotations:
Lair:1 Sonja


Innate Abilities, Weirdness & Mutations

You have hooves in place of feet.
Armour fits poorly on your strangely shaped body.
You cover ground very quickly.
You have extremely tough skin. (AC +3)
[You are very weak. (Str -4)]
[Your spells are easier to cast, but less powerful.]


Message History

* * * LOW HITPOINT WARNING * * *
You are shoved backwards!
The thrashing horror tramples you but does no damage.
The thrashing horror tramples you.
* * * LOW HITPOINT WARNING * * *
You are shoved backwards!
Found 11 sling bullets.
A spatial vortex comes into view. 3 spatial vortices come into view.
The thrashing horror roars!
The spatial vortex moves out of view.
The thrashing horror tramples you!
* * * LOW HITPOINT WARNING * * *
You hold your ground!
You block the thrashing horror's attack.
The thrashing horror tramples you but does no damage. x2
The thrashing horror roars!
A large abomination comes into view.
You see here 11 sling bullets.
The thrashing horror tramples you!
You die...

.# . ### ....# ..
.. .#..#. .#.#
.v.... # #...
####.#.vv.
#X.#.#.##.#....#..
.##.....#.....#...
.......@X...##....
...##.####.#..#.#.
#. ##.....# #.
#...#..# ..
#......# #.
#.#...## #
#.##.#.# #.#.##..
##. ##.#


You could see a thrashing horror and a large abomination.

Vanquished Creatures
  The ghost of lonrem the Cardsharp, a journeyman TrMo of Nemelex Xobeh (Lair:1)
  3 two-headed ogres
  2 ugly things (D:11)
  A black mamba (Lair:1)
  Psyche (D:8)
  3 spiny frogs
  2 komodo dragons (Lair:1)
  2 trolls (D:9)
  2 hornets
  Grinder (D:6)
  4 hippogriffs
  2 wraiths (D:11)
  A hungry ghost (D:8)
  16 yaks
  4 water moccasins
  2 hell hounds (D:9)
  5 porcupines (Lair:1)
  Duvessa (D:6)
  2 black bears (D:9)
  5 sky beasts
  3 orc warriors
  2 ice beasts (D:5)
  2 phantoms
  5 ogres
  A centaur (D:9)
  A big kobold (D:10)
  5 bullfrogs
  Blork the orc (D:6)
  Dowan (D:6)
  2 wyvern skeletons
  5 scorpions
  13 killer bees
  3 wights (D:10)
  5 howler monkeys
  2 bullfrog zombies
  5 crimson imps
  A quasit (D:9)
  2 orc priests
  4 bullfrog skeletons
  9 hounds
  5 jellies
  4 centaur skeletons
  2 iguanas
  7 worker ants
  Ijyb (D:5)
  Natasha (thrice) (D:2)
  7 orc wizards
  A hound skeleton (D:5)
  3 gnolls (D:4)
  A howler monkey skeleton (D:4)
  A howler monkey zombie (D:7)
  21 adders
  4 shadow imps
  An adder zombie (D:9)
  5 worms
  4 dart slugs
  3 leopard geckos
  28 orcs
  2 ball pythons (D:3)
  4 bats
  6 giant cockroaches
  10 goblins
  2 hobgoblins (D:3)
  17 jackals
  8 quokkas
  A ball python zombie (D:5)
  3 frilled lizards (D:2)
  A jackal zombie (D:6)
  9 kobolds
  A quokka skeleton (D:4)
  8 rats
305 creatures vanquished.

Vanquished Creatures (others)
  An ooze (D:4)
  3 bushes (Lair:1)
  5 plants (Lair:1)
9 creatures vanquished.

Grand Total: 314 creatures vanquished

Notes
Turn   | Place    | Note
-------+----------+-------------------------------------------
     0 | D:1      | rgaf the Centaur Gladiator began the quest for the Orb.
     0 | D:1      | Reached XP level 1. HP: 17/17 MP: 1/1
   167 | D:1      | Reached XP level 2. HP: 24/24 MP: 2/2
   609 | D:2      | Reached XP level 3. HP: 24/29 MP: 3/3
  1071 | D:2      | Reached XP level 4. HP: 34/36 MP: 4/4
  1279 | D:2      | Reached skill level 5 in Axes
  1368 | D:2      | Noticed Natasha
  1373 | D:2      | Killed Natasha
  1373 | D:2      | Reached XP level 5. HP: 40/41 MP: 5/5
  1408 | D:2      | Noticed Natasha
  1424 | D:2      | Killed Natasha
  1465 | D:2      | Noticed Natasha
  1468 | D:2      | Killed Natasha
  2789 | D:3      | Found a faded altar of an unknown god.
  2878 | D:3      | Reached XP level 6. HP: 48/48 MP: 6/6
  3777 | D:3      | Reached XP level 7. HP: 15/55 MP: 7/7
  4430 | D:4      | Found a glowing silver altar of Zin.
  4430 | D:4      | Found a shimmering altar of Xom.
  4430 | D:4      | Noticed an angel
  5126 | D:5      | Entered Level 5 of the Dungeon
  5194 | D:5      | Reached XP level 8. HP: 61/61 MP: 8/8
  5481 | D:5      | Noticed Ijyb
  5502 | D:5      | Killed Ijyb
  5790 | D:5      | Found a staircase to the Ecumenical Temple.
  5971 | Temple   | Entered the Ecumenical Temple
  6156 | Temple   | Became a worshipper of Warmaster Okawaru
  6356 | D:6      | Noticed Blork the orc
  6366 | D:6      | Killed Blork the orc
  6483 | D:6      | Noticed Duvessa
  6483 | D:6      | Noticed Dowan
  6489 | D:6      | Killed Duvessa
  6497 | D:6      | Killed Dowan
  6636 | D:6      | Reached skill level 1 in Armour
  6884 | D:6      | Noticed Grinder
  6899 | D:6      | Paralysed by Grinder for 2 turns
  6908 | D:6      | Paralysed by Grinder for 6 turns
  6924 | D:6      | Killed Grinder
  6924 | D:6      | Reached * piety under Okawaru
  7125 | D:6      | Reached XP level 9. HP: 73/73 MP: 9/9
  7193 | D:6      | Found an ancient bone altar of Kikubaaqudgha.
  7351 | D:7      | Reached skill level 5 in Fighting
  7383 | D:7      | Got a smoking ring mail
  7394 | D:7      | Identified the +0 ring mail of the Worm {*Corrode +Blink Slay+5 Stlth+} (You found it on level 7 of the Dungeon)
  8595 | D:8      | Found a glowing golden altar of the Shining One.
  8606 | D:8      | Paralysed by a hornet for 3 turns
  8639 | D:8      | Reached ** piety under Okawaru
  8896 | D:8      | Noticed a two-headed ogre
  8973 | D:8      | Noticed Psyche
  8984 | D:8      | Killed Psyche
  9116 | D:8      | Killed a two-headed ogre
  9116 | D:8      | Reached *** piety under Okawaru
  9116 | D:8      | Reached skill level 5 in Armour
  9116 | D:8      | Reached XP level 10. HP: 22/88 MP: 10/10
  9540 | D:8      | Found a stormy altar of Qazlal.
  9821 | D:9      | Reached **** piety under Okawaru
 10389 | D:9      | Reached skill level 1 in Bows
 10492 | D:9      | Reached skill level 2 in Bows
 10557 | D:9      | Reached skill level 3 in Bows
 10578 | D:9      | Reached ***** piety under Okawaru
 10761 | D:9      | Reached skill level 4 in Bows
 10955 | D:10     | Entered Level 10 of the Dungeon
 11287 | D:10     | Reached skill level 5 in Bows
 11593 | D:10     | Noticed a two-headed ogre
 11641 | D:9      | Killed a two-headed ogre
 11641 | D:9      | Received a gift from Okawaru
 11641 | D:9      | Reached XP level 11. HP: 54/97 MP: 11/11
 11830 | D:10     | Reached skill level 6 in Bows
 12422 | D:10     | Noticed a two-headed ogre
 12442 | D:10     | Killed a two-headed ogre
 12442 | D:10     | Reached skill level 7 in Bows
 12666 | D:10     | Received a gift from Okawaru
 12735 | D:10     | Reached skill level 10 in Fighting
 12789 | D:10     | Found a staircase to the Lair.
 12896 | Lair:1   | Entered Level 1 of the Lair of Beasts
 13053 | D:11     | Noticed a brown ugly thing
 13096 | D:11     | Killed a brown ugly thing
 13096 | D:11     | Reached skill level 8 in Bows
 13140 | D:11     | Noticed a purple ugly thing
 13162 | D:11     | Killed a purple ugly thing
 13169 | D:11     | Received a gift from Okawaru
 13195 | D:11     | Found a hide-covered altar of Uskayaw.
 13255 | D:11     | Paralysed by a hornet for 2 turns
 13267 | D:11     | Paralysed by a hornet for 1 turns
 13273 | D:11     | Paralysed by a hornet for 3 turns
 13401 | D:11     | Reached skill level 9 in Bows
 13625 | D:11     | Got a crystal lajatang {antimagic}
 13631 | D:11     | Identified the +8 lajatang "Daut" {antimagic, rElec rF+ Str-2} (You took it off an orc on level 11 of the Dungeon)
 14582 | Lair:1   | Noticed lonrem's ghost (journeyman TrMo)
 14603 | D:10     | Reached skill level 10 in Bows
 14839 | Lair:1   | Killed lonrem's ghost
 15393 | Lair:1   | Reached XP level 12. HP: 108/108 MP: 12/12
 15496 | Lair:1   | Reached skill level 11 in Bows
 16329 | Lair:1   | Noticed Sonja
 16341 | Lair:1   | Cast into level 1 of the Abyss (Sonja)
 16503 | Abyss:1  | Slain by a thrashing horror

Vault maps used:
D:1:      doesnt_arrival_eight_statues, minmay_misc_feat_cross
D:2:      first_bread, minmay_randomly_rotated_circles, uniq_natasha
D:3:      chequers_ecumenical_altar_simple
D:4:      grunt_temple_overflow_order_and_chaos_1, grunt_ministairs_14
D:5:      minmay_temple_entry_hall, uniq_ijyb
D:6:      lemuel_round_altar, minmay_misc_feat_tiny, uniq_duvessa, uniq_grinder,
          uniq_blork_the_orc
D:7:      grunt_ogre_cave, nrook_mini_backslash
D:8:      nicolae_qazlal_style_of_elements, basic_altar, uniq_psyche
D:10:     minmay_lair_entry_lava
D:11:     lemuel_tele_altar
Temple:   eino_narrow_crystal_temple
Lair:1:   grunt_forest_small_clearings, wad_woods_06, st_stairs_5,
          serial_bayou_shore_b, uniq_sonja

Skill      XL: |  1  2  3  4  5  6  7  8  9 10 11 12 |
---------------+-------------------------------------+-----
Axes           | 3 4 5 6 7 9 |  9.6
Fighting       | 4 7 9 10 | 10.8
Armour         | 1 5 6 7 |  7.8
Dodging        | 3 |  3.1
Bows           | 5 10 11 | 11.2
Throwing       | |  2.1

Action                   |  1- 3 |  4- 6 |  7- 9 | 10-12 || total
-------------------------+-------+-------+-------+-------++-------
Melee: War axe           |    75 |   194 |   156 |       ||   425
       Kick              |    15 |    51 |    69 |   112 ||   247
       Battleaxe         |       |       |    93 |   101 ||   194
       Glaive            |       |       |   101 |   390 ||   491
       Lajatang          |       |       |       |    57 ||    57
 Fire: Shortbow          |       |       |       |    14 ||    14
Evoke: Wand              |       |       |     2 |     1 ||     3
  Use: Scroll            |       |       |     3 |     1 ||     4
       Potion            |       |       |       |     6 ||     6
  Eat: Chunk             |       |     7 |    15 |    15 ||    37
       Fruit             |       |       |       |     3 ||     3
       Meat ration       |       |       |       |     1 ||     1
       Bread ration      |       |       |       |     2 ||     2
Armor: Leather armour    |    45 |    10 |       |       ||    55
       Chain mail        |       |   119 |   140 |       ||   259
       Plate armour      |       |       |    47 |   525 ||   572
Dodge: Dodged            |    62 |    39 |    77 |    89 ||   267
Block: Other             |       |       |    54 |   136 ||   190
       Reflection        |       |       |       |     2 ||     2

Table legend:
 A = Spawn XP
 B = Non-spawn XP
 C = Spawn XP percentage of total XP
 D = Spawn monster count
 E = Non-spawn monster count
 F = Spawn count percentage of total count
 G = Total turns spent on level
                    A         B        C        D         E        F      G
               +---------+---------+-------+---------+---------+-------+---------
         Total |       0 |   23974 |   0.0 |       0 |     305 |   0.0 | 16503
               +---------+---------+-------+---------+---------+-------+---------
           D:1 |       0 |      33 |   0.0 |       0 |      16 |   0.0 |   567
           D:2 |       0 |     236 |   0.0 |       0 |      40 |   0.0 |  1346
           D:3 |       0 |     235 |   0.0 |       0 |      28 |   0.0 |  1630
           D:4 |       0 |     831 |   0.0 |       0 |      28 |   0.0 |  1583
           D:5 |       0 |     628 |   0.0 |       0 |      21 |   0.0 |   852
           D:6 |       0 |     907 |   0.0 |       0 |      15 |   0.0 |  1344
           D:7 |       0 |     777 |   0.0 |       0 |      15 |   0.0 |  1072
           D:8 |       0 |    2824 |   0.0 |       0 |      23 |   0.0 |  1333
           D:9 |       0 |    4971 |   0.0 |       0 |      40 |   0.0 |  2008
          D:10 |       0 |    3724 |   0.0 |       0 |      28 |   0.0 |  1242
          D:11 |       0 |    4170 |   0.0 |       0 |      34 |   0.0 |  1430
        Lair:1 |       0 |    4638 |   0.0 |       0 |      17 |   0.0 |  1733
               +---------+---------+-------+---------+---------+-------+---------
